 Dungeon Crawl Stone Soup version 0.21.1-1-g345015f (webtiles) character file.

42 Monsterracer the Ruffian (level 3, -2/29 HPs)
             Began as a Ghoul Wizard on July 12, 2018.
             Slain by an adder (5 damage)
             ... on level 2 of the Dungeon.
             The game lasted 00:03:49 (1883 turns).

Monsterracer the Ruffian (Ghoul Wizard)             Turns: 1883, Time: 00:03:50

Health: -2/29      AC:  2    Str: 11    XL:     3   Next: 54%
Magic:  6/6        EV: 12    Int: 13    God:
Gold:   47         SH:  0    Dex:  7    Spells: 2/7 levels left

rFire    . . .     SeeInvis .     - Unarmed
rCold    + . .     Gourm    .   (no shield)
rNeg     + + +     Faith    .   a - +0 robe
rPois    ∞         Spirit   .   b - +0 hat
rElec    .         Reflect  .   (no cloak)
rCorr    .         Harm     .   (no gloves)
MR       .....                  (no boots)
Stlth    ++........             (no amulet)
HPRegen  0.00/turn              k - ring of flight
MPRegen  0.10/turn              (no ring)

@: rotting
A: rotting body, claws 1, carnivore, cold resistance 1, negative energy
resistance 3, inhibited regeneration, torment resistance, unbreathing
a: Evoke Flight


You were on level 2 of the Dungeon.
You were not hungry.

You visited 1 branch of the dungeon, and saw 2 of its levels.

You collected 47 gold pieces.

Inventory:

Armour
 a - a +0 robe (worn)
 b - a +0 hat (worn)
 h - a +0 buckler
Jewellery
 k - a ring of flight (left claw)
Scrolls
 d - 2 scrolls of identify {unknown}
 f - a scroll of teleportation {unknown}
 i - a scroll of fear {unknown}
 m - a scroll of fog {unknown}
Potions
 e - a potion of brilliance {unknown}
 g - a potion of ambrosia {unknown}
 j - a potion of degeneration {unknown}
 l - a potion of mutation {unknown}
Comestibles
 c - 3 rations


   Skills:
 + Level 1.7 Fighting
 - Level 1.7 Dodging
 - Level 2.1 Stealth
 * Level 2.7 Unarmed Combat
 - Level 2.6 Spellcasting
 - Level 0.7 Conjurations
 - Level 0.8 Summonings
 - Level 0.8 Translocations


You had 2 spell levels left.
You knew the following spells:

 Your Spells              Type           Power        Failure   Level  Hunger
a - Magic Dart            Conj           #...         19%         1    #......
b - Call Imp              Summ           #.......     26%         2    ###....
e - Blink                 Tloc           N/A          26%         2    ###....


Dungeon Overview and Level Annotations

Branches:
Dungeon (2/15)

Altars:


Innate Abilities, Weirdness & Mutations

Your body is rotting away.
You thrive on raw meat.
You are immune to poison.
You have sharp fingernails.
You are carnivorous and can eat meat at any time.
Your flesh is cold resistant. (rC+)
You are immune to negative energy. (rN+++)
You do not regenerate when monsters are visible.
You are immune to unholy pain and torment.
You can survive without breathing.


Message History

The dart slug bites you but does no damage.
You scratch the dart slug.
The dart slug is lightly wounded.
You barely miss the dart slug.
The dart slug is lightly wounded.
The dart slug closely misses you.
You scratch the dart slug.
The dart slug is lightly wounded.
The dart slug barely misses you.
You scratch the dart slug.
The dart slug is moderately wounded.
You scratch the dart slug.
The dart slug is severely wounded.
The dart slug completely misses you.
You scratch the dart slug.
The dart slug is almost dead.
The dart slug bites you but does no damage.
A dart slug is nearby!
You completely miss the dart slug.
The dart slug is almost dead.
The dart slug bites you.
You take 1 damage, and have 25/28 hp.
You scratch the dart slug.
The dart slug is almost dead.
A dart slug is nearby!
You scratch the dart slug.
You kill the dart slug!
Key pressed, stopping explore.
No target in view!
No target in view!
No target in view!
HP restored.
You now have 47 gold pieces (gained 14).
An adder and a quokka come into view.
The adder hisses angrily.
You hear a shout! x3
Found a stone staircase leading up.
Health restored: 29
There are monsters nearby!
The adder bites you but does no damage.
A gnoll comes into view. It is wielding a whip.
There are monsters nearby!
You claw the adder!
The adder is almost dead.
The adder misses you.
A gnoll comes into view. It is wielding a spear.
You completely miss the adder.
The adder is almost dead.
The adder closely misses you. The quokka bites you.
The gnoll moves out of view.
The adder closely misses you.
A gnoll comes into view. It is wielding a spear.
You take 1 damage, and have 28/29 hp.
The quokka closely misses you.
A giant cockroach comes into view.
You closely miss the adder.
The adder is almost dead.
The quokka bites you.
The giant cockroach moves out of view.
The adder bites you but does no damage. The quokka closely misses you.
You take 1 damage, and have 27/29 hp.
You barely miss the adder.
The adder is almost dead.
The gnoll shouts!
The adder barely misses you. The quokka bites you.
You take 1 damage, and have 26/29 hp.
You miss the adder.
The adder is almost dead.
The adder barely misses you. The quokka bites you. The adder bites you.
A gnoll comes into view. It is wielding a whip.
You take 5 damage, and have 21/29 hp.
You barely miss the adder.
The adder is severely wounded.
The quokka closely misses you.
The gnoll moves out of view.
The adder bites you.
A hobgoblin comes into view.
You take 3 damage, and have 18/29 hp.
The hobgoblin shouts!
You scratch the adder.
The adder is almost dead.
The adder bites you. The quokka bites you.
* * * LOW HITPOINT WARNING * * *
You take 6 damage, and have 12/29 hp.
MASSIVE DAMAGE!!
You closely miss the adder.
The adder is severely wounded.
The adder closely misses you. The quokka bites you.
* * * LOW HITPOINT WARNING * * *
The gnoll hits you from afar with a spear.
* * * LOW HITPOINT WARNING * * *
You take 5 damage, and have 7/29 hp.
The adder barely misses you.
You barely miss the adder.
The adder is severely wounded.
The adder bites you.
* * * LOW HITPOINT WARNING * * *
You take 2 damage, and have 5/29 hp.
The adder misses you. The adder closely misses you. The quokka bites you.
* * * LOW HITPOINT WARNING * * *
You take 2 damage, and have 3/29 hp.
The adder bites you.
You die...

.<... g.... ..sg. ...#
#.g# ###gg.# ..###...#
###########
#.....g######........<#
....##...g.s.g.S@.....#
...........g.g.r......#
......#######.........#
#####. #.........# #.
#.........# #.
########### ##


You could see 3 gnolls, an adder, a quokka, a giant cockroach and a hobgoblin.

Vanquished Creatures
  A worm (D:2)
  4 dart slugs
  A leopard gecko (D:1)
  4 giant cockroaches (D:1)
  7 goblins (D:1)
  3 hobgoblins (D:1)
  3 jackals
  3 rats
26 creatures vanquished.

Notes
Turn   | Place    | Note
-------+----------+-------------------------------------------
     0 | D:1      | Monsterracer the Ghoul Wizard began the quest for the Orb.
     0 | D:1      | Reached XP level 1. HP: 14/14 MP: 3/3
     2 | D:1      | Noticed a vine stalker
     2 | D:1      | Noticed a human
     4 | D:1      | Noticed an elf
     4 | D:1      | Noticed a vampire
     6 | D:1      | Noticed a troll
     6 | D:1      | Noticed a naga
     8 | D:1      | Noticed a dwarf
    10 | D:1      | Noticed a demigod
    10 | D:1      | Noticed a spriggan
    12 | D:1      | Noticed a draconian
    12 | D:1      | Noticed a formicid
    14 | D:1      | Noticed a minotaur
    14 | D:1      | Noticed a merfolk
    16 | D:1      | Noticed a demonspawn
    16 | D:1      | Noticed an ogre
    18 | D:1      | Noticed a felid
    18 | D:1      | Noticed a halfling
    20 | D:1      | Noticed a centaur
    22 | D:1      | Noticed a gargoyle
    24 | D:1      | Noticed a ghoul
    26 | D:1      | Noticed a tengu
    26 | D:1      | Noticed an octopode
   212 | D:1      | Reached skill level 1 in Unarmed Combat
   225 | D:1      | Reached XP level 2. HP: 15/22 MP: 1/4
   226 | D:1      | HP: 11/22 [goblin/club (4)]
   231 | D:1      | Reached skill level 1 in Fighting
  1025 | D:1      | Reached XP level 3. HP: 27/28 MP: 6/6
  1045 | D:1      | Learned a level 2 spell: Blink
  1048 | D:1      | Learned a level 2 spell: Call Imp
  1664 | D:1      | HP: 11/27 [jackal (3)]
  1669 | D:1      | HP: 9/27 [jackal (2)]
  1871 | D:2      | HP: 12/29 [quokka (3)]
  1874 | D:2      | HP: 5/29 [adder (2)]
  1882 | D:2      | HP: 3/29 [quokka (2)]
  1883 | D:2      | Slain by an adder

Skill      XL: |  1  2 |
---------------+-------+-----
Unarmed Combat | 1 2 |  2.7
Fighting       | 1 |  1.7
Dodging        | |  1.7
Stealth        | |  2.1
Spellcasting   | |  2.6
Conjurations   | |  0.7
Summonings     | |  0.8
Translocations | |  0.8

Action                   || total
-------------------------++-------
Melee: Unarmed           ||    95
 Cast: Magic Dart        ||    16
 Stab: Sleeping          ||     3
  Eat: Chunk             ||     5
Armor: Robe              ||    17
Dodge: Dodged            ||    65

Vault maps used:
D:1:      kb_arrival_jail
D:2:      zin_academy, lemuel_crystal_altar,
          chequers_ecumenical_altar_simple_redux, uniq_crazy_yiuf_cottage
